AoeStats
← kkkg

Arena

506392108Analyzed
1v1 RM · 18d ago on Sep 13, 2026· 13m 6s· 2 players
Game mode
Random Map
Map size
Tiny (2 player)
Population
200
Speed
Normal
Resources
Standard
Victory
Conquest
Starting age
Dark Age
Ending age
Imperial Age
RankedLock teamsTeams togetherTeam positionsShared explorationLock speedFull tech treeHidden civsTurbo modeCheats
Victory
Defeat
🇨🇳 Sicilians · China
955
+16
🇨🇳 Burgundians · China
951
-16
kkkg
3:39 Double-Bit Axe
9:12 Horse Collar
13:24 Feudal Age
12:46 Loom
3230289630
5:58 Loom
9:20 Feudal Age
9:51 Double-Bit Axe
9:57 Stone Mining
Connection lost

Rejoining the realm…

Still unreachable

The connection could not be restored.

Session expired

The server has moved on; the page needs a fresh start.